[Event "Titled Tuesday Blitz November 15 Early 2022"]
[White "Mendonca, Mateus Nakajo"]
[Black "Salman, Pavel"]
[WhiteFideId "2110954"]
[BlackFideId "24153753"]
[WhiteElo "2310"]
[BlackElo "2187"]
[Result "1-0"]
[Round "11"]
[TimeControl "180+1"]
[Date "2022.11.16"]
[WhiteClock "0:00:17"]
[BlackClock "0:00:04"]

1. d4 Nf6 2. Nf3 g6 3. g3 Bg7 4. Bg2 O-O 5. O-O c5 6. c3 d5 7. dxc5 Nbd7 8. b4 a5 9. Bb2 e6 10. a3 Ne4 11. Qb3 Nb8 12. Nbd2 f5 13. c4 d4 14. Nxe4 fxe4 15. Nd2 a4 16. Qc2 d3 17. exd3 exd3 18. Qb1 Nc6 19. Bxg7 Kxg7 20. Bxc6 bxc6 21. Qb2+ Qf6 22. Qxf6+ Kxf6 23. Rfe1 e5 24. Ne4+ Kg7 25. Rad1 Be6 26. Nd6 Rad8 27. Rxe5 Bf5 28. Re3 Kf6 29. Kg2 h5 30. h3 Rd7 31. Nxf5 gxf5 32. Rexd3 Re7 33. Rd6+ Kg7 34. Rd7 Kf7 35. Rxe7+ Kxe7 36. Rd6 Rc8 37. Kf3 Kf7 38. Kf4 Kg7 39. h4 Kh7 40. Kg5 Kg7 41. Rd7+ Kf8 42. Kxf5 Ke8 43. Rd6 Ke7 44. Kg5 Rf8 45. f4 Rg8+ 46. Rg6 Rd8 47. Rxc6 Rd3 48. Ra6 Rxg3+ 49. Kxh5 Rxa3 50. f5 Rf3 51. Rxa4 Rxf5+ 52. Kg4 Rf1 53. Ra6 Rc1 54. Rb6 Rxc4+ 55. Kg5 Rc1 56. h5 Rg1+ 57. Kf5 Rf1+ 58. Ke5 Kd7 59. h6 Rh1 60. Kd5 Kc7 61. Kc4 Rh4+ 62. Kb5 Rh5 63. Rg6 Kb7 64. Rg7+ Kb8 65. h7 Ka8 66. Kb6 Rh6+ 67. c6 Rg6 68. Rg8+ 1-0


[Site "https://www.chess.com"]

[Event "Titled Tuesday Blitz November 15 Early 2022"]
[White "Mohamed Anees M"]
[Black "Zanette, Edgard Vinicius"]
[WhiteFideId "35065815"]
[BlackFideId "2109263"]
[WhiteElo "2135"]
[BlackElo "2211"]
[Result "1-0"]
[Round "11"]
[TimeControl "180+1"]
[Date "2022.11.16"]
[WhiteClock "0:00:08"]
[BlackClock "0:00:11"]

1. e4 c5 2. Nf3 d6 3. d4 cxd4 4. Nxd4 Nf6 5. Nc3 a6 6. Bg5 Nbd7 7. Qe2 e6 8. f4 Qc7 9. O-O-O h6 10. Bh4 b5 11. g4 Bb7 12. Bg2 Rc8 13. Kb1 Nc5 14. Bxf6 gxf6 15. f5 b4 16. Nd5 exd5 17. exd5+ Be7 18. Rhe1 Kf8 19. Nc6 Bxc6 20. dxc6 Re8 21. Bd5 Kg7 22. Qc4 Bd8 23. Qxb4 Re5 24. Rg1 Qa5 25. Qc4 Qc7 26. h4 Rhe8 27. a3 a5 28. Qf4 Qb6 29. g5 fxg5 30. hxg5 hxg5 31. Rxg5+ Bxg5 32. Qxg5+ Kf8 33. Qh6+ Ke7 34. Bxf7 Nd3 35. Rxd3 Re1+ 36. Ka2 Rb8 37. Bb3 Qg1 38. Qxd6+ Ke8 39. Qd7+ Kf8 40. Qf7# 1-0


[Site "https://www.chess.com"]

[Event "Titled Tuesday Blitz November 15 Early 2022"]
[White "Mrudul Dehankar"]
[Black "Hartikainen, Jarmo"]
[WhiteFideId "25096990"]
[BlackFideId "503134"]
[WhiteElo "2068"]
[BlackElo "2194"]
[Result "1-0"]
[Round "11"]
[TimeControl "180+1"]
[Date "2022.11.16"]
[WhiteClock "0:00:38"]
[BlackClock "0:00:07"]

1. e4 c5 2. Nf3 d6 3. d4 cxd4 4. Nxd4 Nf6 5. Nc3 Nc6 6. Bg5 e6 7. Qd2 a6 8. O-O-O Bd7 9. f4 h6 10. Bxf6 Qxf6 11. Nf3 Qd8 12. f5 Qc7 13. Bc4 O-O-O 14. Bb3 Be7 15. Kb1 Kb8 16. Rhe1 Bc8 17. Ne2 Bf6 18. Nf4 Rhe8 19. Nh5 exf5 20. exf5 Bxf5 21. Nxf6 gxf6 22. Qxh6 Nb4 23. Nd4 Bg6 24. Qf4 Re5 25. a3 Nd5 26. Qf2 Rde8 27. Bxd5 Rxd5 28. Rxe8+ Ka7 29. Nb5# 1-0


[Site "https://www.chess.com"]

[Event "Titled Tuesday Blitz November 15 Early 2022"]
[White "Muminova, Nafisa"]
[Black "Golubev, Mikhail"]
[WhiteFideId "14201526"]
[BlackFideId "14100983"]
[WhiteElo "2258"]
[BlackElo "2374"]
[Result "0-1"]
[Round "11"]
[TimeControl "180+1"]
[Date "2022.11.16"]
[WhiteClock "0:00:13"]
[BlackClock "0:00:08"]

1. e4 d6 2. d4 Nf6 3. Nc3 g6 4. Nf3 Bg7 5. Be2 O-O 6. O-O Bg4 7. Bf4 Nc6 8. d5 e5 9. dxe6 fxe6 10. Qd2 e5 11. Bh6 Bxf3 12. Bxf3 Nd4 13. Bd1 Qd7 14. h3 Bxh6 15. Qxh6 Qg7 16. Qe3 g5 17. Nd5 Nxd5 18. exd5 Rf6 19. c3 Nf5 20. Qe4 Raf8 21. Bc2 Nh4 22. Qg4 Rf4 23. Qe6+ Kh8 24. f3 R4f6 25. Qg4 Qf7 26. Rad1 Rg8 27. Rd3 h5 28. Qg3 Ng6 29. Re3 Nf4 30. c4 h4 31. Qg4 a5 32. b3 b6 33. Re4 Qg7 34. Rfe1 Rgf8 35. Kh2 Rh6 36. Kg1 Nh5 37. Kh2 Nf6 38. Qe6 Nxe4 39. Qxh6+ Qxh6 40. Rxe4 Qf6 41. Rg4 Qh6 42. Be4 Rf4 43. Rxf4 exf4 44. Kg1 Qf6 45. Kf2 Qd4+ 46. Ke2 Qe3+ 47. Kd1 Qg1+ 48. Kc2 Qxg2+ 49. Kc3 Qxh3 50. Kd4 Qg3 51. Bf5 h3 52. Ke4 h2 53. Bg6 h1=Q 54. Kf5 Qhe1 55. Kf6 Qe5+ 56. Kf7 Qh4 57. Be4 Qh6 0-1


[Site "https://www.chess.com"]

[Event "Titled Tuesday Blitz November 15 Early 2022"]
[White "Narayanan, Srinath"]
[Black "Saravana, Krishnan P."]
[WhiteFideId "5018420"]
[BlackFideId "5018382"]
[WhiteElo "2459"]
[BlackElo "2155"]
[Result "1/2-1/2"]
[Round "11"]
[TimeControl "180+1"]
[Date "2022.11.16"]
[WhiteClock "0:00:10"]
[BlackClock "0:00:12"]

1. Nf3 Nf6 2. c4 g6 3. b3 Bg7 4. Bb2 a5 5. g3 a4 6. Bg2 O-O 7. O-O d6 8. bxa4 Bd7 9. Nc3 Na6 10. Nd4 Nc5 11. Nb3 Nxa4 12. Nxa4 Rxa4 13. c5 Qc8 14. cxd6 exd6 15. a3 Bh3 16. Rc1 Rh4 17. Bxf6 Bxf6 18. Bxh3 Rxh3 19. e3 Rh5 20. Qf3 Bb2 21. Rc2 Bxa3 22. h4 d5 23. Nd4 c6 24. Rb1 Bd6 25. Rcb2 c5 26. Ne2 Rf5 27. Qg2 d4 28. Rxb7 d3 29. Nc3 Re8 30. R7b6 Bc7 31. Rc6 Qd7 32. Rb7 Rc8 33. Nb5 Rxf2 34. Kxf2 Bxg3+ 35. Kxg3 Qxb7 36. Rxc8+ Qxc8 37. Nc3 Qb8+ 38. Kh3 Qe5 39. Qe4 Qf6 40. Qxd3 Qf3+ 41. Kh2 Qf2+ 42. Kh1 Qxh4+ 43. Kg2 Qg4+ 44. Kf2 h5 45. Qd8+ Kg7 46. Ne2 Qf5+ 47. Ke1 Qb1+ 48. Kf2 Qf5+ 49. Kg2 Qg4+ 50. Kf1 Qf3+ 51. Ke1 Qh1+ 52. Kf2 Qh2+ 53. Kf1 Qh3+ 54. Kg1 Qg4+ 55. Kf2 Qf5+ 1/2-1/2


[Site "https://www.chess.com"]

[Event "Titled Tuesday Blitz November 15 Early 2022"]
[White "Nielsen, Viktor Haarmark"]
[Black "Melikhov, Evgeny V."]
[WhiteFideId "1444492"]
[BlackFideId "4122046"]
[WhiteElo "2345"]
[BlackElo "2169"]
[Result "1-0"]
[Round "11"]
[TimeControl "180+1"]
[Date "2022.11.16"]
[WhiteClock "0:00:22"]
[BlackClock "0:00:28"]

1. d4 Nf6 2. c4 e6 3. Nf3 d5 4. g3 dxc4 5. Bg2 Nc6 6. O-O Rb8 7. Nbd2 b5 8. b3 cxb3 9. Nxb3 Bd6 10. Bb2 O-O 11. Qc2 Nb4 12. Qd2 Ne4 13. Qc1 Rb6 14. Ne5 Bb7 15. Rd1 Re8 16. Nc5 Qa8 17. Nxb7 Qxb7 18. Qb1 f5 19. Nd3 Nd5 20. Bxe4 fxe4 21. Nc5 Nf6 22. Nxb7 1-0


[Site "https://www.chess.com"]

[Event "Titled Tuesday Blitz November 15 Early 2022"]
[White "Odegov, Artem"]
[Black "Minko, Dmitry"]
[WhiteFideId "34183644"]
[BlackFideId "24188468"]
[WhiteElo "2298"]
[BlackElo "2147"]
[Result "0-1"]
[Round "11"]
[TimeControl "180+1"]
[Date "2022.11.16"]
[WhiteClock "0:00:03"]
[BlackClock "0:00:07"]

1. d4 d5 2. c4 e6 3. Nf3 Nf6 4. Bg5 Be7 5. Nc3 O-O 6. e3 Nbd7 7. Qc2 h6 8. cxd5 exd5 9. h4 c5 10. Bf4 cxd4 11. Nxd4 Nc5 12. Be2 Nce4 13. O-O Nxc3 14. Qxc3 Ne4 15. Qc2 Bxh4 16. Rad1 Bg5 17. Bh2 Qe7 18. Bf3 Bd7 19. Qc7 Bc6 20. Nxc6 Qxc7 21. Bxc7 bxc6 22. Rc1 Nd2 23. Rfd1 Nc4 24. b3 Nxe3 25. fxe3 Bxe3+ 26. Kh1 Bxc1 27. Rxc1 Rac8 28. Rxc6 d4 29. Kg1 Rfe8 30. Kf2 Re7 31. Bf4 Rxc6 32. Bxc6 d3 33. Bf3 g5 34. Bd2 f5 35. g4 f4 36. Bd5+ Kg7 37. Bf3 Rc7 38. Bd1 Kf6 39. b4 Ke5 40. a4 Kd4 41. b5 Rc4 42. a5 Rc5 43. Ba4 Re5 44. b6 axb6 45. a6 Re7 46. Bb5 Rc7 47. Kf3 Rc2 48. Bb4 Rb2 49. a7 Ra2 50. Bf8 Rxa7 51. Bxh6 Re7 52. Bxg5 d2 53. Kf2 d1=Q 54. Bf6+ Kd5 55. Bxe7 Qd2+ 56. Be2 Qe3+ 57. Kf1 Qxe7 58. g5 Qxg5 59. Bf3+ Kd4 60. Kf2 b5 61. Ke2 Qg3 62. Bg2 Qxg2+ 63. Ke1 b4 64. Kd1 b3 65. Kc1 Qc2# 0-1


[Site "https://www.chess.com"]

[Event "Titled Tuesday Blitz November 15 Early 2022"]
[White "Omariev, Maksim"]
[Black "Petrova, Irina"]
[WhiteFideId "4193423"]
[BlackFideId "14124122"]
[WhiteElo "2511"]
[BlackElo "2023"]
[Result "0-1"]
[Round "11"]
[TimeControl "180+1"]
[Date "2022.11.16"]
[WhiteClock "0:00:02"]
[BlackClock "0:00:23"]

1. g4 d6 2. Bg2 Nc6 3. g5 e5 4. h4 h6 5. d3 hxg5 6. hxg5 Rxh1 7. Bxh1 Be7 8. Nf3 Bg4 9. Qd2 Qd7 10. c4 O-O-O 11. Nc3 f6 12. Nd5 fxg5 13. Nxg5 Bxg5 14. Qxg5 Nd4 15. f3 Be6 16. Ne3 Nf6 17. Bd2 Rh8 18. Bg2 Rh2 19. Qg3 Rh8 20. f4 Nh5 21. Qh4 Nxe2 22. f5 Bf7 23. Bf1 Nef4 24. O-O-O Re8 25. Qg5 Qa4 26. Kb1 d5 27. cxd5 Nxd5 28. Nc4 Qxd1+ 29. Bc1 Qxf1 30. Qg4 Nhf6 31. Qg5 Qxd3+ 32. Ka1 Qxc4 33. b3 Qxc1+ 34. Qxc1 e4 35. Qb1 e3 36. Qe1 e2 37. Kb2 Nf4 38. Kc3 Ng2 39. Qh1 e1=Q+ 40. Kd3 Qxh1 41. b4 Qd1+ 42. Kc3 Re3+ 43. Kb2 Qd2+ 44. Kb1 Re1# 0-1


[Site "https://www.chess.com"]

[Event "Titled Tuesday Blitz November 15 Early 2022"]
[White "Orlov, Georgi"]
[Black "Itgelt, Khuyagtsogt"]
[WhiteFideId "2011271"]
[BlackFideId "4902912"]
[WhiteElo "2535"]
[BlackElo "2129"]
[Result "0-1"]
[Round "11"]
[TimeControl "180+1"]
[Date "2022.11.16"]
[WhiteClock "0:00:20"]
[BlackClock "0:00:07"]

1. d4 Nf6 2. Nf3 e6 3. c4 d5 4. g3 Be7 5. Bg2 O-O 6. Nc3 c5 7. cxd5 exd5 8. O-O c4 9. Ne5 Nc6 10. Bf4 h6 11. b3 cxb3 12. axb3 Bf5 13. Na4 Nb4 14. Rc1 Rc8 15. Qd2 b6 16. Rxc8 Qxc8 17. Rc1 Qb7 18. g4 Be4 19. f3 Bh7 20. h4 Rc8 21. Nc3 Nd7 22. g5 Nxe5 23. Bxe5 hxg5 24. hxg5 Qd7 25. e4 dxe4 26. Nxe4 Rxc1+ 27. Qxc1 Nd3 28. Qe3 Nxe5 29. dxe5 Bf5 30. Kh2 Be6 31. f4 Qd1 32. Ng3 Qxb3 33. Qe4 g6 34. Qb7 Qb4 35. Ne4 Kg7 36. Qxa7 Bf5 37. Nf6 Qxf4+ 38. Kg1 Qe3+ 39. Kh1 Qe1+ 40. Kh2 Qxe5+ 41. Kh1 Qe1+ 42. Kh2 Bd6# 0-1


[Site "https://www.chess.com"]

[Event "Titled Tuesday Blitz November 15 Early 2022"]
[White "Osinovsky, Stepan"]
[Black "Aponte Ramos, Argimiro"]
[WhiteFideId "4157354"]
[BlackFideId "3900568"]
[WhiteElo "2222"]
[BlackElo "2216"]
[Result "1-0"]
[Round "11"]
[TimeControl "180+1"]
[Date "2022.11.16"]
[WhiteClock "0:00:09"]
[BlackClock "0:00:39"]

1. Nf3 d5 2. g3 e6 3. Bg2 Nf6 4. O-O Be7 5. d3 O-O 6. Nbd2 b6 7. e4 dxe4 8. dxe4 Bb7 9. Qe2 a5 10. Rd1 Na6 11. Nc4 Qc8 12. Nd4 Rd8 13. Bf4 Nc5 14. Nb5 Rxd1+ 15. Rxd1 Na6 16. Bxc7 Nxc7 17. Nxb6 Qb8 18. Nxc7 Qxc7 19. Nxa8 Bxa8 20. e5 Nd5 21. c4 Nb6 22. c5 Nd5 23. Rc1 Bc6 24. b3 g6 25. a3 Qb8 26. Qa6 Bb7 27. Qb5 Qa8 28. c6 Bc8 29. c7 Bb7 30. Qxb7 Qxb7 31. c8=Q+ Qxc8 32. Rxc8+ Kg7 33. Bxd5 exd5 34. Ra8 Bxa3 35. Rxa5 Bb2 36. Rxd5 1-0


[Site "https://www.chess.com"]

[Event "Titled Tuesday Blitz November 15 Early 2022"]
[White "Pakleza, Zbigniew"]
[Black "Paravyan, David"]
[WhiteFideId "1119290"]
[BlackFideId "4194985"]
[WhiteElo "2411"]
[BlackElo "2546"]
[Result "0-1"]
[Round "11"]
[TimeControl "180+1"]
[Date "2022.11.15"]
[WhiteClock "0:00:04"]
[BlackClock "0:02:32"]

1. d4 Nf6 2. Nf3 g6 3. Bf4 Bg7 4. e3 d6 5. h3 c5 6. c3 cxd4 7. cxd4 Nc6 8. Nc3 O-O 9. Be2 Bf5 10. O-O Ne4 11. Rc1 Nxc3 12. Rxc3 e5 13. Bg5 Qa5 14. Ra3 Qb6 15. Rb3 Qa5 16. Rxb7 exd4 17. exd4 Qxa2 18. d5 Ne5 19. Nd4 Be4 20. Be7 Rfe8 21. Nb5 Qxd5 22. Qxd5 Bxd5 23. Rc7 Nc6 24. Rd1 Nxe7 25. Nxd6 Red8 26. Rxe7 Rxd6 27. Bf3 Rad8 28. Bxd5 Rxd5 29. Rxd5 Rxd5 30. Rxa7 Rd1+ 31. Kh2 Be5+ 32. g3 Rd2 33. Kg2 Bd4 0-1


[Site "https://www.chess.com"]

[Event "Titled Tuesday Blitz November 15 Early 2022"]
[White "Papayan, Oleg"]
[Black "Chernov, Mikhail"]
[WhiteFideId "4193911"]
[BlackFideId "24143170"]
[WhiteElo "2153"]
[BlackElo "2113"]
[Result "0-1"]
[Round "11"]
[TimeControl "180+1"]
[Date "2022.11.16"]
[WhiteClock "0:00:05"]
[BlackClock "0:00:22"]

1. e4 c5 2. Nf3 Nc6 3. Bb5 g6 4. Bxc6 bxc6 5. d3 Bg7 6. O-O e5 7. Be3 d6 8. h3 Ne7 9. Qd2 O-O 10. Bh6 f5 11. Bxg7 Kxg7 12. c3 h6 13. Na3 Kh7 14. Nc4 Be6 15. Qe2 g5 16. exf5 Bxf5 17. d4 cxd4 18. cxd4 e4 19. Nfd2 Ng6 20. Ne3 d5 21. Nxf5 Rxf5 22. Rac1 Qf6 23. Qg4 Rf8 24. Qg3 Qxd4 25. Nb3 Qf6 26. Qc7+ Rf7 27. Qxc6 Rxf2 28. Qxf6 R2xf6 29. Rxf6 Rxf6 30. Rc7+ Kg8 31. Rxa7 Ne5 32. Ra5 Rd6 33. Nd4 Nc4 34. Rb5 Kf7 35. Nf5 Rd8 36. Nxh6+ Ke6 37. Ng4 Nd6 38. Rb6 Rc8 39. Ne3 Ke5 40. Ng4+ Ke6 41. Ne3 Rc1+ 42. Kf2 d4 43. Nf5 Kxf5 44. Rxd6 Rc2+ 45. Kg3 Ke5 46. Rd8 d3 47. Kg4 Rxb2 48. Kxg5 Rxg2+ 49. Kh4 d2 50. a4 e3 51. a5 Rg1 52. a6 d1=Q 53. Rxd1 Rxd1 54. a7 Ra1 55. Kg3 Ke4 56. h4 e2 57. a8=Q+ Rxa8 0-1


[Site "https://www.chess.com"]

[Event "Titled Tuesday Blitz November 15 Early 2022"]
[White "Parligras, Mircea-Emilian"]
[Black "Goroshkov, Maksym"]
[WhiteFideId "1204297"]
[BlackFideId "14142716"]
[WhiteElo "2732"]
[BlackElo "2609"]
[Result "0-1"]
[Round "11"]
[TimeControl "180+1"]
[Date "2022.11.16"]
[WhiteClock "0:00:01"]
[BlackClock "0:00:18"]

1. d4 Nf6 2. c4 d6 3. Nc3 g6 4. e4 Bg7 5. h3 O-O 6. Be3 c6 7. Nf3 Qc7 8. Bd3 e5 9. O-O exd4 10. Bxd4 Be6 11. Re1 Nbd7 12. Ng5 Ne5 13. Nxe6 fxe6 14. c5 dxc5 15. Bxe5 Qxe5 16. a4 Nh5 17. Qb3 Nf4 18. Bf1 Qg5 19. Ne2 Be5 20. g3 Nxe2+ 21. Rxe2 Qe7 22. f4 Bd4+ 23. Kh2 Kh8 24. Bg2 e5 25. Rf1 Rf6 26. f5 Raf8 27. g4 Rd6 28. Qg3 g5 29. Bf3 Qf7 30. h4 Rh6 31. h5 Rd6 32. Bg2 h6 33. b3 c4 34. Rb1 c3 35. Rc2 Qc7 36. Bf1 Qb6 37. b4 Be3 38. Qf3 Rd2+ 39. Rxd2 cxd2 40. f6 Bf4+ 41. Kg2 Rxf6 42. Rb3 Rd6 0-1


[Site "https://www.chess.com"]

[Event "Titled Tuesday Blitz November 15 Early 2022"]
[White "Pinheiro, Iung Alicio de O."]
[Black "Kryakvin, Dmitry"]
[WhiteFideId "2104350"]
[BlackFideId "4153278"]
[WhiteElo "2283"]
[BlackElo "2414"]
[Result "0-1"]
[Round "11"]
[TimeControl "180+1"]
[Date "2022.11.16"]
[WhiteClock "0:00:04"]
[BlackClock "0:00:13"]

1. d4 Nf6 2. c4 e6 3. g3 c5 4. d5 exd5 5. cxd5 d6 6. Nf3 g6 7. Bg2 Bg7 8. O-O O-O 9. Nc3 Nbd7 10. Bf4 Qe7 11. Nb5 Ne8 12. Qd2 a6 13. Nc3 b5 14. a3 Nef6 15. b4 Bb7 16. Bh6 Rfe8 17. Bxg7 Kxg7 18. Rfe1 Rac8 19. Rac1 Ne5 20. Nxe5 Qxe5 21. e4 Qd4 22. Nb1 Qxd2 23. Nxd2 c4 24. Nb1 Nd7 25. f4 f5 26. Nc3 fxe4 27. Nxe4 Bxd5 28. Nxd6 Rxe1+ 29. Rxe1 Rc6 30. Ne8+ Kf8 31. Bxd5 Rb6 32. Nc7 Nf6 33. Bg2 Rd6 34. Ne6+ Kg8 35. Ng5 Rd2 36. Ne4 Nxe4 37. Bxe4 Ra2 38. Re3 Rd2 39. h4 Kf7 40. Bb7 Rd6 41. Kf2 Kf6 42. Ke2 Rb6 43. Bf3 Rd6 44. g4 h6 45. Be4 g5 46. fxg5+ hxg5 47. h5 Ke5 48. Bg6+ Kf4 49. Rh3 Kxg4 50. h6 Kxh3 51. h7 Rd8 52. Bf7 Rh8 53. Bg8 g4 54. Kf2 Kh2 55. Ke3 g3 0-1


[Site "https://www.chess.com"]

[Event "Titled Tuesday Blitz November 15 Early 2022"]
[White "Quintiliano Pinto, Renato R."]
[Black "Donskov, Anatoly"]
[WhiteFideId "2117568"]
[BlackFideId "24143413"]
[WhiteElo "2472"]
[BlackElo "2219"]
[Result "1-0"]
[Round "11"]
[TimeControl "180+1"]
[Date "2022.11.16"]
[WhiteClock "0:02:36"]
[BlackClock "0:01:34"]

1. c4 e6 2. Nc3 d5 3. d4 c6 4. e3 Nf6 5. Nf3 Nbd7 6. Bd3 Bd6 7. O-O b6 8. e4 dxe4 9. Nxe4 Nxe4 10. Bxe4 Bb7 11. Re1 Qc7 12. h3 O-O-O 13. Qa4 Kb8 14. b4 Nf6 15. c5 Nxe4 16. Rxe4 b5 17. Qc2 1-0


[Site "https://www.chess.com"]

[Event "Titled Tuesday Blitz November 15 Early 2022"]
[White "Ravot, Sylvain"]
[Black "Garv Gaur"]
[WhiteFideId "627763"]
[BlackFideId "45030839"]
[WhiteElo "2195"]
[BlackElo "1960"]
[Result "0-1"]
[Round "11"]
[TimeControl "180+1"]
[Date "2022.11.16"]
[WhiteClock "0:00:01"]
[BlackClock "0:00:59"]

1. e4 c6 2. d4 d5 3. exd5 cxd5 4. Bd3 Nc6 5. c3 Qc7 6. Ne2 Bg4 7. O-O e6 8. Qe1 Nf6 9. f3 Bh5 10. Qh4 Rg8 11. Nf4 Bg6 12. Nxg6 hxg6 13. Bf4 Bd6 14. Bxd6 Qxd6 15. Qg3 Qd7 16. Nd2 Rh8 17. Rfe1 O-O-O 18. Nb3 Nh5 19. Qg5 Qc7 20. g3 Rh6 21. Re2 Rdh8 22. Rg2 Ne7 23. Qe5 Qc6 24. Nc5 Nf6 25. b4 Nd7 26. Qe3 Nxc5 27. bxc5 Nf5 28. Qf4 Qc7 29. Qxc7+ Kxc7 30. Rb1 g5 31. Rgb2 Rb8 32. Ba6 b6 33. a4 e5 34. dxe5 Re8 35. cxb6+ Rxb6 36. a5 Rxb2 37. Rxb2 Rxe5 38. Rb7+ Kc6 39. Rxf7 Nd6 40. Rxa7 Re1+ 41. Kf2 Rc1 42. Rxg7 Rxc3 43. h4 gxh4 44. gxh4 Rc2+ 45. Kg1 Nf5 46. Rg6+ Kc5 47. h5 Rc1+ 48. Kf2 Rc2+ 49. Ke1 Nd4 50. Kd1 Rh2 51. Rg5 Nxf3 0-1


[Site "https://www.chess.com"]

[Event "Titled Tuesday Blitz November 15 Early 2022"]
[White "Ricaurte Lopez, Juan Carlos"]
[Black "Winkels, Marcel"]
[WhiteFideId "3600327"]
[BlackFideId "1003887"]
[WhiteElo "2209"]
[BlackElo "1900"]
[Result "0-1"]
[Round "11"]
[TimeControl "180+1"]
[Date "2022.11.16"]
[WhiteClock "0:00:01"]
[BlackClock "0:01:13"]

1. e4 c5 2. Nf3 d6 3. d4 cxd4 4. Nxd4 Nf6 5. Nc3 a6 6. f4 e5 7. Nf3 Nbd7 8. Bc4 Be7 9. O-O O-O 10. f5 b5 11. Bb3 Bb7 12. Nd5 Nxd5 13. Bxd5 Bxd5 14. Qxd5 Rc8 15. c3 Nf6 16. Qd3 Rc4 17. Bg5 d5 18. Bxf6 Bxf6 19. Qxd5 Qb6+ 20. Rf2 Rd8 21. Nxe5 Rxd5 22. Nxc4 bxc4 23. exd5 Be7 24. Kf1 Bc5 25. Re2 h5 26. Rd1 Kh7 27. g3 Bd6 28. Kg2 Qa5 29. Rd4 Qxa2 30. Rh4 Kh6 0-1


[Site "https://www.chess.com"]

[Event "Titled Tuesday Blitz November 15 Early 2022"]
[White "Rios Escobar, Adan"]
[Black "Sariego Figueredo, Wilfredo"]
[WhiteFideId "3403645"]
[BlackFideId "3500080"]
[WhiteElo "2343"]
[BlackElo "2309"]
[Result "1-0"]
[Round "11"]
[TimeControl "180+1"]
[Date "2022.11.16"]
[WhiteClock "0:00:06"]
[BlackClock "0:00:02"]

1. d4 d5 2. c4 c6 3. g3 Nf6 4. Nf3 a6 5. Bg2 dxc4 6. O-O e6 7. Ne5 Bd6 8. Nxc4 Bc7 9. Nc3 O-O 10. Bg5 Nbd7 11. Rc1 h6 12. Bf4 Bxf4 13. gxf4 Nd5 14. e3 N7f6 15. Ne5 Nxc3 16. bxc3 Nd7 17. c4 Nxe5 18. fxe5 Rb8 19. c5 Bd7 20. Qa4 f6 21. exf6 Qxf6 22. Rb1 e5 23. d5 Bf5 24. Rb4 Qg5 25. Kh1 cxd5 26. Bxd5+ Kh8 27. Rg1 Qe7 28. Rxb7 Rxb7 29. Bxb7 Qxb7+ 30. c6 Qc7 31. f3 Bc8 32. Kg2 Rf6 33. Rc1 Rg6+ 34. Kf2 e4 35. f4 Bh3 36. Qxe4 Rg2+ 37. Kf3 Rxh2 38. Qe8+ Kh7 39. Qe4+ g6 40. Kg3 Rxa2 41. Kxh3 Qc8+ 42. Kg3 h5 43. f5 gxf5 44. Qe7+ Kg6 45. c7 h4+ 46. Kf4 Qh8 47. Rc6+ Kh5 48. Qg5# 1-0


[Site "https://www.chess.com"]

[Event "Titled Tuesday Blitz November 15 Early 2022"]
[White "Ristic, Nebojsa B"]
[Black "Devaev, Alexander"]
[WhiteFideId "935468"]
[BlackFideId "4169395"]
[WhiteElo "2320"]
[BlackElo "2225"]
[Result "0-1"]
[Round "11"]
[TimeControl "180+1"]
[Date "2022.11.16"]
[WhiteClock "0:00:31"]
[BlackClock "0:00:29"]

1. d4 Nf6 2. Bf4 d5 3. e3 a6 4. c4 e6 5. Nc3 Bd6 6. Bg3 O-O 7. Nf3 c6 8. c5 Bxg3 9. hxg3 Nbd7 10. b4 Qe7 11. Ne5 Nxe5 12. dxe5 Nd7 13. Bd3 g6 14. f4 f6 15. Qg4 fxe5 16. Bxg6 hxg6 17. Qxg6+ Qg7 18. Qxe6+ Rf7 19. Kd2 exf4 20. Rh4 Nf8 21. Qe8 fxe3+ 22. Kc1 Rf1+ 23. Kb2 Rxa1 24. Qxe3 Rf1 25. Rh5 Rf5 26. g4 Rxh5 27. gxh5 Bd7 28. Ka3 d4 29. Qf4 Ne6 30. Qd6 dxc3 31. h6 Qxh6 32. Qxd7 Rd8 33. Qe7 c2 34. Ka4 c1=Q 35. Qxe6+ Qxe6 0-1


[Site "https://www.chess.com"]

[Event "Titled Tuesday Blitz November 15 Early 2022"]
[White "Rodriguez Fontecha, Marcos"]
[Black "Szpar, Milosz"]
[WhiteFideId "2256576"]
[BlackFideId "1184989"]
[WhiteElo "2263"]
[BlackElo "2422"]
[Result "1-0"]
[Round "11"]
[TimeControl "180+1"]
[Date "2022.11.16"]
[WhiteClock "0:00:07"]
[BlackClock "0:00:14"]

1. Nf3 c5 2. d4 cxd4 3. Qxd4 Nc6 4. Qh4 Nf6 5. Nc3 d5 6. Bg5 e6 7. O-O-O Bb4 8. Rd3 O-O 9. e4 Bxc3 10. Rxc3 dxe4 11. Bxf6 Qxf6 12. Qxe4 e5 13. Bd3 Qh6+ 14. Kb1 f5 15. Qe3 Qxe3 16. fxe3 e4 17. Bc4+ Kh8 18. Ng5 Ne5 19. Bb3 h6 20. Nh3 Bd7 21. Rd1 Rad8 22. Rd4 Bc6 23. Nf4 Rxd4 24. exd4 Rd8 25. Rc5 Ng4 26. c3 Ne3 27. Kc1 g5 28. Ne6 Rd6 29. Kd2 Nxg2 30. Rxf5 Kh7 31. Rf6 e3+ 32. Ke2 Bb5+ 33. c4 Rxe6 34. Rxe6 Nf4+ 35. Kxe3 Nxe6 36. cxb5 Nc7 37. Ke4 Nxb5 38. Ke5 Kg7 39. a4 Nc7 40. Kd6 Ne8+ 41. Ke7 Nf6 42. d5 Ng8+ 43. Ke6 Kf8 44. d6 Ke8 45. Bd5 h5 46. Bxb7 g4 47. Bc6+ Kd8 48. Kf7 Nh6+ 49. Kg6 Ng8 50. Kg7 h4 51. Kxg8 g3 52. hxg3 hxg3 53. Kf7 g2 54. Bxg2 Kd7 55. b4 Kxd6 56. Kf6 a5 57. b5 Kc5 58. Ke5 Kb4 59. b6 Kxa4 60. b7 Ka3 61. b8=Q a4 62. Qd6+ Ka2 63. Qd2+ Ka1 64. Bd5 a3 65. Qa2# 1-0


[Site "https://www.chess.com"]

[Event "Titled Tuesday Blitz November 15 Early 2022"]
[White "Sadubayev, Airat"]
[Black "Pg, Mohd Omar Ak Hira"]
[WhiteFideId "13713264"]
[BlackFideId "10500103"]
[WhiteElo "2160"]
[BlackElo "2184"]
[Result "1-0"]
[Round "11"]
[TimeControl "180+1"]
[Date "2022.11.16"]
[WhiteClock "0:01:04"]
[BlackClock "0:00:12"]

1. d4 Nf6 2. c4 g6 3. Nc3 d5 4. cxd5 Nxd5 5. e4 Nxc3 6. bxc3 Bg7 7. Nf3 c5 8. Be3 O-O 9. Rc1 Qa5 10. Qd2 Rd8 11. d5 Bg4 12. c4 Qxd2+ 13. Nxd2 Na6 14. Be2 Bxe2 15. Kxe2 b6 16. f4 e6 17. dxe6 fxe6 18. e5 Nb4 19. a3 Nc6 20. Ne4 Nd4+ 21. Ke1 Nf5 22. Ke2 Nd4+ 23. Kf2 Nf5 24. Rhd1 h6 25. Ke2 g5 26. g3 g4 27. Bf2 Kf7 28. a4 h5 29. a5 Bh6 30. Rb1 Ke7 31. Rxd8 Rxd8 32. axb6 axb6 33. Rxb6 Nd4+ 34. Bxd4 Rxd4 35. Nd6 h4 36. Rb7+ Kf8 37. Rh7 Bg7 38. Rxh4 Kg8 39. Rxg4 Kh7 40. Ne8 Bf8 41. Nf6+ Kh6 42. Rg8 Be7 43. Re8 Bxf6 44. Rxe6 Kg7 45. Rxf6 Rxc4 46. Kf3 Rc2 47. h4 c4 48. Kg4 Ra2 49. Rc6 Ra4 50. h5 Rb4 51. Kg5 1-0


[Site "https://www.chess.com"]

[Event "Titled Tuesday Blitz November 15 Early 2022"]
[White "Sanchez, Robert"]
[Black "Fernandez Siles, Luis"]
[WhiteFideId "2034360"]
[BlackFideId "2209420"]
[WhiteElo "2310"]
[BlackElo "2186"]
[Result "1-0"]
[Round "11"]
[TimeControl "180+1"]
[Date "2022.11.16"]
[WhiteClock "0:00:25"]
[BlackClock "0:00:07"]

1. e4 c5 2. Nf3 Nc6 3. d4 cxd4 4. Nxd4 Nf6 5. Nc3 e5 6. Ndb5 d6 7. Bg5 a6 8. Bxf6 gxf6 9. Na3 b5 10. Nd5 f5 11. Bd3 Be6 12. c4 Bg7 13. O-O f4 14. cxb5 Nd4 15. bxa6 O-O 16. Nc2 f3 17. Nxd4 fxg2 18. Kxg2 exd4 19. Qh5 f5 20. Kh1 Qa5 21. Ne7+ Kh8 22. Ng6+ Kg8 23. Nxf8 Rxf8 24. Rg1 Qe5 25. Rae1 Rf6 26. exf5 Bd5+ 27. f3 Qf4 28. Re8+ Rf8 29. Rxf8+ Kxf8 30. Rf1 Be5 31. a7 Qe3 32. Be4 Qe2 33. Qh3 d3 34. Bxd5 d2 35. a8=Q+ 1-0


[Site "https://www.chess.com"]